 Dungeon Crawl Stone Soup version 0.28.0-53-g5a82cb258f (webtiles) character file.

Game seed: 5071294377747139038

1649 cbfl8 the Chopper (level 8, 0/106 HPs)
             Began as a Minotaur Berserker on July 26, 2022.
             Was a Priest of Trog.
             Slain by a yak (10 damage)
             ... on level 6 of the Dungeon.
             The game lasted 00:05:12 (5160 turns).

cbfl8 the Chopper (Minotaur Berserker)              Turns: 5160, Time: 00:05:14

Health: 0/106      AC:  7    Str: 22    XL:     8   Next: 67%
Magic:  7/7        EV: 12    Int:  4    God:    Trog [***...]
Gold:   237        SH:  0    Dex: 12    Spells: 7/7 levels left

rFire   + . .      SeeInvis .   a - +0 hand axe
rCold   . . .      Faith    .   (no shield)
rNeg    . . .      Spirit   .   n - +1 ring mail {rF+}
rPois   .          Reflect  .   (helmet restricted)
rElec   .          Harm     .   (no cloak)
rCorr   .          Rampage  .   (no gloves)
Will    .....                   (no boots)
Stlth   ..........              r - amulet of regeneration
HPRegen 1.07/turn               (no ring)
MPRegen 0.10/turn               (no ring)

@: berserking, very quick
A: horns 2, retaliatory headbutt
a: Renounce Religion, Berserk, Trog's Hand


You were on level 6 of the Dungeon.
You worshipped Trog.
Trog was most pleased with you.
You visited 1 branch of the dungeon, and saw 6 of its levels.

You collected 237 gold pieces.

Inventory:

Hand Weapons
 a - a +0 hand axe (weapon)
Armour
 b - a +0 animal skin
 i - a +0 scale mail
 n - a +1 ring mail of fire resistance (worn)
 v - a +0 scale mail
Jewellery
 h - an amulet of magic regeneration
 r - an amulet of regeneration (around neck)
 t - an amulet of guardian spirit
Wands
 g - a wand of iceblast (10)
 j - a wand of flame (26)
 l - a wand of acid (10) (quivered)
 p - a wand of paralysis (7)
Scrolls
 o - a scroll of acquirement
 q - a scroll of magic mapping
 u - 2 scrolls of teleportation
Potions
 c - 2 potions of attraction
 d - 5 potions of curing
 e - a potion of lignification
 f - a potion of berserk rage
 k - a potion of degeneration
 m - a potion of flight {unknown}
 s - a potion of mutation {unknown}
 w - a potion of ambrosia {unknown}
 x - a potion of haste {unknown}


   Skills:
 * Level 6.8 Fighting
 + Level 7.8 Axes
 + Level 5.6 Armour
 * Level 4.9 Dodging
 * Level 3.4 Stealth
 * Level 3.2 Evocations


You had 7 spell levels left.
You didn't know any spells.
Your spell library was empty.

Dungeon Overview and Level Annotations

Branches:
Dungeon (6/15)             Temple (0/1) D:4

Altars:
Cheibriados
Elyvilon
Sif Muna
Xom
Zin
The Shining One
Beogh

Annotations:
D:4 2 transporters


Innate Abilities, Weirdness & Mutations

You have a pair of horns on your head.
You reflexively headbutt those who attack you in melee.


Message History

You barely miss the yak.
The yak is severely wounded.
You slash the yak! You hit the yak but do no damage. The yak barely misses you.
The yak gores you. The yak gores you!
You barely miss the yak. You headbutt the yak!
The yak is almost dead.
You barely miss the yak. You hit the yak. The yak barely misses you. x2
The yak gores you!
You slash the yak!
You kill the yak!
Trog accepts your kill.
You barely miss the yak. You hit the yak. The yak gores you! x2
Unknown command.
A red film seems to cover your vision as you go berserk!
You feel yourself moving faster!
You feel mighty! The yak gores you but does no damage. The yak gores you!
* * * LOW HITPOINT WARNING * * *
The yak gores you!
* * * LOW HITPOINT WARNING * * *
Unknown command.
You hit the yak.
The yak is heavily wounded.
You slash the yak! You barely miss the yak. The yak gores you.
* * * LOW HITPOINT WARNING * * *
The yak misses you. You furiously retaliate!
You headbutt the yak. The yak gores you!
* * * LOW HITPOINT WARNING * * *
Unknown command.
You slash the yak! Your headbutt misses the yak.
The yak is severely wounded.
You hit the yak. x2
Unknown command.
You slash the yak!
The yak is almost dead.
You hit the yak but do no damage. You hit the yak. The yak closely misses you.
You furiously retaliate!
You headbutt the yak!!
You kill the yak!
Trog accepts your kill. The yak barely misses you. The yak gores you!
You die...

# #......(...
###########+#..........
.....................#
##...................#
≈#......)............#
≈#..............$....#
......####...........#
...#'##..#######.....#
..........+ +@†...#
≈#........# #YY...#
≈#..###..## #.....#
##..###..## .<....#
'...†...... ......#
#........... #......#
#..###..#### #......#
#..# ..# ##...... #...
...


You could see 2 yaks.

Vanquished Creatures
  A meliai zombie (D:6)
  2 yaks (D:6)
  An ice beast (D:6)
  A black bear (D:6)
  3 necrophages
  An ogre (D:6)
  A centaur (D:5)
  2 scorpions
  A bullfrog zombie (D:6)
  4 hounds
  An orc priest (D:6)
  A bullfrog skeleton (D:6)
  Ijyb (D:2)
  An iguana (D:6)
  3 orc wizards
  A hound skeleton (D:4)
  The ghost of EdgyKevy the Grasshopper, a weakling SpWr (D:3)
  Robin (D:2)
  4 gnolls (D:4)
  9 adders
  A white imp (D:6)
  4 worms
  2 dart slugs
  9 orcs
  8 endoplasms
  4 giant cockroaches
  20 goblins
  8 hobgoblins
  5 kobolds
  A quokka (D:4)
  4 ball pythons
  4 bats
  6 rats
  A spectral kobold (D:1)
117 creatures vanquished.

Vanquished Creatures (others)
  An orc wizard (D:4)
  A quokka (D:6)
2 creatures vanquished.

Grand Total: 119 creatures vanquished

Notes
Turn   | Place    | Note
-------+----------+-------------------------------------------
     0 | D:1      | cbfl8 the Minotaur Berserker began the quest for the Orb.
     0 | D:1      | Reached XP level 1. HP: 19/19 MP: 0/0
   241 | D:1      | Reached XP level 2. HP: 27/27 MP: 1/1
   333 | D:1      | Reached skill level 4 in Axes
   499 | D:1      | Found a faded altar of an unknown god.
   635 | D:1      | Noticed an orc warrior
   957 | D:2      | Reached XP level 3. HP: 33/33 MP: 2/2
  1063 | D:2      | Noticed Robin
  1074 | D:2      | Reached ** piety under Trog
  1078 | D:2      | Killed Robin
  1079 | D:2      | Reached XP level 4. HP: 30/41 MP: 3/3
  1223 | D:2      | Noticed Ijyb
  1240 | D:2      | Killed Ijyb
  1241 | D:2      | Reached skill level 1 in Stealth
  1681 | D:3      | Reached XP level 5. HP: 27/47 MP: 4/4
  1893 | D:3      | Found a runed translucent gate.
  1893 | D:3      | Found a runed translucent gate.
  1893 | D:3      | Found a runed translucent gate.
  1894 | D:3      | Noticed EdgyKevy's ghost (weakling SpWr)
  1931 | D:3      | Found a glowing golden altar of the Shining One.
  2093 | D:3      | Reached skill level 5 in Axes
  2222 | D:3      | Reached skill level 5 in Fighting
  2389 | D:3      | Killed EdgyKevy's ghost
  2829 | D:4      | Found a staircase to the Ecumenical Temple.
  2898 | D:4      | Noticed a necrophage
  2913 | D:4      | Killed a necrophage
  2914 | D:4      | Reached skill level 1 in Evocations
  2914 | D:4      | Reached XP level 6. HP: 46/56 MP: 5/5
  2915 | D:4      | Identified a scroll of acquirement
  2977 | D:4      | Found a glowing silver altar of Zin.
  2977 | D:4      | Noticed an angel
  3038 | D:4      | Found a transporter.
  3143 | D:4      | Reached *** piety under Trog
  3509 | D:4      | Found a shimmering altar of Xom.
  3661 | D:4      | Found a transporter.
  4022 | D:5      | Entered Level 5 of the Dungeon
  4035 | D:5      | Reached skill level 6 in Axes
  4035 | D:5      | Reached XP level 7. HP: 39/62 MP: 6/6
  4161 | D:5      | Found a shimmering blue altar of Sif Muna.
  4434 | D:5      | Found a snail-covered altar of Cheibriados.
  4822 | D:6      | Reached XP level 8. HP: 51/71 MP: 7/7
  4858 | D:6      | Reached skill level 5 in Armour
  4871 | D:6      | Reached skill level 7 in Axes
  4908 | D:6      | Found a white marble altar of Elyvilon.
  5160 | D:6      | Slain by a yak

Illustrated notes

Levels and vault maps discovered:
D:1:      erik_arrival_cave_to_civilisation [erik_arrival_cave_to_temple],
          layout_basic, dreamdust_ecumenical_altar_drowned_temple
D:2:      kennysheep_the_goblin_king, layout_rooms, minmay_misc_feat_plants,
          kennysheep_generic_room_2, uniq_robin
D:3:      layout_basic, tso_metal_star, ebering_ghost_rock_garden
D:4:      gammafunk_steamed_eel, layout_basic, mainiacjoe_overflow_alcove_2,
          zin_angel, minmay_temple_entry_mini_moons, st_stairs_14,
          chequers_serial_rivers_room_b
D:5:      layout_rooms, nicolae_sif_muna_condensation,
          mainiacjoe_overflow_surrounded_room, kennysheep_big_empty_room,
          minivault_4, glass_columns_c
D:6:      cheibrodos_iron_armory, layout_gridville, elyvilon_altar_4

Skill      XL: |  1  2  3  4  5  6  7  8 |
---------------+-------------------------+-----
Fighting       | 4 5 6 |  6.8
Axes           | 4 5 6 7 |  7.8
Dodging        | 3 4 |  4.9
Stealth        | 1 2 3 |  3.4
Armour         | 3 4 5 |  5.6
Evocations     | 1 2 3 |  3.2

Action                   |  1- 3 |  4- 6 |  7- 9 || total
-------------------------+-------+-------+-------++-------
Melee: Hand axe          |    40 |   146 |   101 ||   287
       Headbutt          |    10 |    31 |    15 ||    56
       Punch             |       |       |     2 ||     2
Invok: Berserk           |     1 |     2 |     2 ||     5
Evoke: Wand              |       |       |     1 ||     1
  Use: Scroll            |       |     6 |     2 ||     8
 Stab: Sleeping          |       |       |     1 ||     1
Armor: Animal skin       |     4 |       |       ||     4
       Scale mail        |     4 |    12 |       ||    16
       Ring mail         |       |    39 |    45 ||    84
Dodge: Dodged            |    27 |    67 |    63 ||   157
